Description

This is the build order for SortOf's "StarCraft 2 Zerg Tutorial: Standard ZvT Early Game Guide" (see VOD link). I have an easier time following written build orders vs videos. Hope this is helpful to anyone else like me.

VOD

https://www.youtube.com/watch?v=p3s1PIsMM3g&feature=youtu.be

Replay - A.I. 1 (Very Easy) v SortOf - Nightshade LE

Build Order

Get SALT Encoding   

  12  0:01  Drone  
  13  0:12  Overlord  
  13  0:17  Drone  
  14  0:31  Drone x2  
  16  0:48  Hatchery  
  15  0:51  Drone x2  
  17  0:58  Drone  
  18  1:09  Extractor  
  17  1:13  Spawning Pool  
  17  1:17  Drone x2  
  18  1:33  Drone  
  21  2:00  Queen x2  
  21  2:01  Zergling x4  
  27  2:10  Overlord  
  28  2:22  Hatchery  
  27  2:29  Metabolic Boost  
  31  2:45  Overlord  
  32  2:54  Queen  
  38  3:12  Overlord  
  39  3:19  Queen  
  45  3:35  Queen  
  49  3:42  Zergling x6  
  49  3:45  Overlord  
  54  3:55  Lair  
  57  4:05  Extractor  
  57  4:07  Baneling Nest  
  60  4:17  Zergling x4  
  60  4:21  Queen  
  73  4:38  Extractor x2  
  77  4:55  Overseer  
  78  5:02  Evolution Chamber x2  
  86  5:16  Extractor x2  
  86  5:36  Hatchery  
Spawning Tool Build Advisor. Get it on Overwolf

Go to:

Details

  • Created by: Suss
  • Published on: Feb 20, 2021
  • Modified on: Feb 20, 2021
  • Patch: 4.11.0
  • Difficulty: Medium
Show
View Real Time Build Order
Export as new Build Order

Comments (0)

There are no comments. Be the first!

Create an account to comment!